AoeStats
← |GaoeG| flamingo

Enclosed

504209536Analyzed
1v1 RM · 27d ago on Sep 4, 2026· 40m 33s· 2 players
Game mode
Random Map
Map size
Tiny (2 player)
Population
200
Speed
Normal
Resources
Standard
Victory
Conquest
Starting age
Dark Age
Ending age
Imperial Age
RankedLock teamsTeams togetherTeam positionsShared explorationLock speedFull tech treeHidden civsTurbo modeCheats
Victory
Defeat
🇨🇳 Sicilians · China
1422
+14
🇪🇸 Mongols · Spain
1383
-14
|GaoeG| flamingo
6:33 Loom
8:43 Feudal Age
9:48 Double-Bit Axe
9:48 Horse Collar
19:03 Castle Age
17:55 Bloodlines
17:59 Fletching
18:12 Gold Mining
19:24 Padded Archer Armor
19:44 Bodkin Arrow
22:00 Wheelbarrow
23:42 Bow Saw
24:18 Husbandry
25:16 Town Watch
31:20 Heavy Plow
32:57 Ballistics
32:55 Leather Archer Armor
37:33 Imperial Age
36:06 Scale Barding Armor
36:11 Forging
37:35 Town Patrol
37:56 Hand Cart
37:47 Heavy Camel Rider
40:02 Chain Barding Armor
WMC
9:45 Feudal Age
10:56 Loom
14:12 Castle Age
12:50 Double-Bit Axe
17:39 Horse Collar
22:14 Fletching
23:14 Town Watch
25:04 Ballistics
25:16 Bodkin Arrow
26:33 Masonry
27:38 Wheelbarrow
31:33 Imperial Age
29:07 Gold Mining
30:46 Scale Barding Armor
30:52 Forging
31:25 Gold Shaft Mining
30:58 Heavy Plow
31:20 Bow Saw
31:27 Husbandry
31:40 Bloodlines
32:38 Conscription
32:40 Chain Barding Armor
32:20 Cavalier
35:12 Plate Barding Armor
35:35 Iron Casting
36:09 Hauberk
36:50 Guilds
37:54 Iron Casting
37:35 Padded Archer Armor
38:44 Crossbowman
39:25 Bracer
40:53 Blast Furnace
40:14 Leather Archer Armor
39:45 Arbalester
42:03 Chemistry
Connection lost

Rejoining the realm…

Still unreachable

The connection could not be restored.

Session expired

The server has moved on; the page needs a fresh start.